 Dungeon Crawl Stone Soup version 0.31.0-1-g2c135a008e (webtiles) character file.

Game seed: 16757009939084054544

106 qw the Shooter (level 5, -2/40 HPs)
             Began as a Djinni Hunter on Jan 24, 2024.
             Killed by nerve-wracking pain
             ... invoked by Grinder
              (11 damage)
             ... on level 3 of the Dungeon.
             The game lasted 00:00:05 (1630 turns).

qw the Shooter (Djinni Hunter)                      Turns: 1630, Time: 00:00:05

Health: -2/40      AC:  3    Str: 10    XL:     5   Next: 10%
Gold:   84         EV: 13    Int: 10    God:
                   SH:  5    Dex: 19

rFire   + + .        k - +0 orcbow
rCold   x . .        (shield currently unavailable)
rNeg    . . .        c - +0 leather armour
rPois   inf          (no helmet)
rElec   .            (no cloak)
rCorr   .            (no gloves)
SInv    .            (boots unavailable)
Will    .....        h - amulet of reflection
Stlth   ++           (no ring)
HPRegen 0.26/turn    (no ring)
MPRegen 0.00/turn

%: reflection, infuse magic (-3 HP)
@: flying
A: sickness immunity, fire resistance 2, cold vulnerability 1, float, innate
caster, HP casting, extra vitality 1
a: no special abilities


You were on level 3 of the Dungeon.
You visited 1 branch of the dungeon, and saw 3 of its levels.

You collected 84 gold pieces.


Innate Abilities, Weirdness & Mutations

You are immune to sickness and miasma.
You are immune to poison.
Your flesh is very heat resistant. (rF++)
You are vulnerable to cold. (rC-)
You float through the air rather than walking.
You learn spells naturally, not from books.
Your magical power is your life essence.
You have superior vitality. (+4 MHP)


   Skills:
 - Level 3.0 Fighting
 + Level 4.2 Ranged Weapons
 - Level 3.1 Dodging
 - Level 0.7 Stealth


You knew the following spells:

 Your Spells              Type           Power      Damage    Failure   Level
a - Apportation           Tloc           0%         N/A       45%         1
b - Static Discharge      Conj/Air       0%         3-3/arc   61%         2
Your spell library was empty.

Inventory:

Hand Weapons
 a - a +0 shortbow
 k - a +0 orcbow (weapon)
Armour
 c - a +0 leather armour (worn)
Jewellery
 h - an amulet of reflection (around neck)
Potions
 b - a potion of enlightenment {unknown}
 d - a potion of attraction {unknown}
 e - a potion of might {unknown}
 f - a potion of curing {unknown}
 g - a potion of cancellation {unknown}
 i - a potion of heal wounds {unknown}
 j - 2 potions of haste {unknown}

Dungeon Overview and Level Annotations

Branches:
Dungeon (3/15)

Altars:

Annotations:
D:3 Grinder


Message History

You shoot an arrow. The arrow closely misses the rat.
You block the rat's attack. The rat closely misses you.
You shoot an arrow. The arrow hits the rat.
The rat is severely wounded.
Grinder comes into view.
The rat bites you.
You shoot an arrow. The arrow hits the rat!
You kill the rat!
You shoot an arrow.
The arrow hits Grinder but does no damage.
You shoot an arrow. The arrow hits Grinder.
Grinder is lightly wounded.
Grinder gestures at you. You resist with significant effort.
You shoot an arrow. The arrow hits Grinder!
Grinder is moderately wounded.
Grinder hits you!
You writhe in agony.
You shoot an arrow. The arrow barely misses Grinder.
Grinder hits you but does no damage.
You shoot an arrow. The arrow hits Grinder.
Grinder is moderately wounded.
Grinder gestures at you.
You suddenly lose the ability to move!
Grinder barely misses you. Grinder hits you.
You writhe in agony.
Grinder hits you.
You writhe in agony.
Grinder hits you.
You writhe in agony.
You can move again.
You shoot an arrow. The arrow closely misses Grinder.
Grinder blinks!
You shoot an arrow. The arrow hits Grinder!
Grinder is heavily wounded.
Grinder gestures at you.
You shrug off the repeated paralysis!
You shoot an arrow. The arrow closely misses Grinder.
Grinder gestures at you. You resist with significant effort.
Grinder gestures at you. Pain shoots through your body!
You die...
Grinder sighs, "Dead already?
I want a refund."

### ... #####+#.#
#.......# #
#......#
#)..###......##¤¤¤#
......%@...5.+#~.~#
#######......##~.¤#
#####'###~.~### #.#
#~.~#.# #)# #~.~#.#
#.# #~.¤#.#
##'####.##.####
#..........'...
#..........###.


You could see Grinder.

Vanquished Creatures
  Jessica (D:2)
  Natasha (D:2)
  An adder (D:2)
  A dart slug (D:2)
  7 endoplasms
  A giant cockroach (D:3)
  4 goblins
  8 hobgoblins
  A quokka (D:2)
  3 ball pythons
  7 bats
  3 frilled lizards
  6 rats
44 creatures vanquished.

Notes
Turn   | Place    | Note
-------+----------+-------------------------------------------
     0 | D:1      | qw the Djinni Hunter began the quest for the Orb.
     0 | D:1      | Reached XP level 1. HP: 18/18 MP: 0/0
     0 | D:1      | 0 ||| qw: Version: 0.3-a-136-gdd3b4e8
     0 | D:1      | 0 ||| qw: Game counter: 1247
     0 | D:1      | 0 ||| qw: Melee chars always use a shield: true
     0 | D:1      | 0 ||| qw: God list: Okawaru
     0 | D:1      | 0 ||| qw: Allow faded altars: false
     0 | D:1      | 0 ||| qw: Do Orc after clearing Dungeon:15 true
     0 | D:1      | 0 ||| qw: Do second Lair branch before Depths: true
     0 | D:1      | 0 ||| qw: Lair rune preference: random
     0 | D:1      | 0 ||| qw: Goals: Normal
     0 | D:1      | 0 ||| PLANNING D:1-11
    63 | D:1      | Reached XP level 2. HP: 19/23 MP: 0/0
   444 | D:1      | Reached XP level 3. HP: 28/28 MP: 0/0
   444 | D:1      | Learned a level 1 spell: Apportation
   560 | D:1      | Reached skill level 4 in Ranged Weapons
   765 | D:1      | 765 ||| READING scroll labelled ZUERUE YMENOC.
   766 | D:1      | 766 ||| DROPPING scroll of butterflies.
   916 | D:2      | Noticed Natasha
   919 | D:2      | Killed Natasha
   920 | D:2      | Reached skill level 3 in Fighting
   920 | D:2      | Reached XP level 4. HP: 35/35 MP: 0/0
  1015 | D:2      | Noticed Jessica
  1019 | D:2      | Killed Jessica
  1020 | D:2      | Reached skill level 3 in Dodging
  1323 | D:2      | Reached XP level 5. HP: 40/40 MP: 0/0
  1323 | D:2      | Learned a level 2 spell: Static Discharge
  1530 | D:2      | 1530 ||| UPGRADING to amulet of reflection.
  1535 | D:2      | 1535 ||| READING scroll labelled ONO KIET WAROGIE.
  1535 | D:2      | 1535 ||| ENCHANTING +0 shortbow.
  1536 | D:2      | 1536 ||| READING scroll labelled ILUDOR JOPISAV.
  1616 | D:3      | 1616 ||| SWAPPING to +0 orcbow.
  1618 | D:3      | Noticed Grinder
  1624 | D:3      | Paralysed by Grinder for 4 turns
  1627 | D:3      | HP: 8/40 [Grinder (4)]
  1630 | D:3      | Killed from afar by Grinder

Levels and vault maps discovered:
D:1:      nzn_arrival_water_spiral, layout_basic, dreamdust_princess_bridge
D:2:      layout_basic, uniq_jessica, uniq_natasha
D:3:      layout_basic, amcnicky_mini_rare_corridor_liquid,
          corexii_corridor_pit, minmay_tree_intersection, uniq_grinder,
          uniq_ijyb

Skill      XL: |  1  2  3  4 |
---------------+-------------+-----
Ranged Weapons | 4 |  4.2
Fighting       | 3 |  3.0
Dodging        | 3 |  3.1
Stealth        | |  0.7

Action                     |  1- 3 |  4- 6 || total
---------------------------+-------+-------++-------
   Fire: Shortbow          |    59 |    40 ||    99
         Orcbow            |       |    11 ||    11
    Use: Scroll            |     1 |     2 ||     3
 Armour: Leather armour    |     8 |    13 ||    21
  Dodge: Dodged            |    10 |     8 ||    18
  Block: Other             |       |     2 ||     2
         Reflection        |       |     1 ||     1

Table legend:
 A = Non-vault XP
 B = Vault XP
 C = Vault XP percentage of total XP
 D = Non-vault monster count
 E = Vault monster count
 F = Vault count percentage of total count
                 A         B        C        D         E       F
            +---------+---------+-------+---------+---------+-------
      Total |      80 |      72 |  47.4 |      42 |       2 |   4.5
            +---------+---------+-------+---------+---------+-------
        D:1 |      31 |       0 |   0.0 |      20 |       0 |   0.0
        D:2 |      39 |      72 |  64.9 |      16 |       2 |  11.1
        D:3 |      10 |       0 |   0.0 |       6 |       0 |   0.0
            +---------+---------+-------+---------+---------+-------
